SAA
BETHESDA ATOMS @ ATLANTIC CITY SONICS
09/15/2032
 
TOP OF THE 1ST
Bethesda Atoms batting - Pitching for Atlantic City Sonics : RHP Norberto Concepción
Pitching: RHP Norberto Concepción
Batting: LHB Jorge Ortíz 0-0: Called Strike
0-1: Ball
1-1: SINGLE (Flyball, 4D)
Batting: RHB Isuru Tanaka 0-0: Swinging Strike
0-1: Swinging Strike
0-2: Ball
1-2: Strikes out looking
Batting: LHB Ignacio Martínez 0-0: Called Strike
0-1: Ball
1-1: Swinging Strike
1-2: Foul Ball, location: 2F
1-2: Fly out, F9 (Flyball, 89M)
Batting: LHB Thierry Honoré 0-0: Ball
1-0: Foul Ball, location: 2F
1-1: Ball
2-1: Ball
Wild Pitch!
Jorge Ortíz to second
3-1: Base on Balls
Batting: RHB José Leyva 0-0: Called Strike
0-1: Swinging Strike
0-2: Foul Ball, location: 2F
0-2: Ball
1-2: Ball
2-2: Ball
3-2: Foul Ball, location: 2F
3-2: Base on Balls
Jorge Ortíz to third
Thierry Honoré to second
Batting: SHB Pedro Ortega 0-0: Called Strike
0-1: Swinging Strike
0-2: Ball
1-2: Ball
2-2: Ground out 4-3 (Groundball, 4)
Top of the 1st over - 0 runs, 1 hit, 0 errors, 3 left on base; Bethesda 0 - Atlantic City 0
BOTTOM OF THE 1ST
Atlantic City Sonics batting - Pitching for Bethesda Atoms : RHP Rikkarti Gudmundur
Pitching: RHP Rikkarti Gudmundur
Batting: LHB Xuan-ling Liao 0-0: Ball
1-0: Swinging Strike
1-1: Swinging Strike
1-2: SINGLE (Groundball, 56D)
Batting: RHB Jesús Guzmán 0-0: Ball
1-0: Swinging Strike
1-1: Ball
2-1: Ball
3-1: Foul Ball, location: 2F
3-2: Grounds into double play, 5-4-3 (Groundball, 56)
Batting: RHB Alejandro Sánchez 0-0: Called Strike
0-1: Ball
1-1: Swinging Strike
1-2: Ground out 5-3 (Groundball, 56S)
Bottom of the 1st over - 0 runs, 1 hit, 0 errors, 0 left on base; Bethesda 0 - Atlantic City 0
TOP OF THE 2ND
Bethesda Atoms batting - Pitching for Atlantic City Sonics : RHP Norberto Concepción
Batting: RHB Raúl Francisco 0-0: Called Strike
0-1: Ball
1-1: Foul Ball, location: 2F
1-2: Foul Ball, location: 2F
1-2: Ball
2-2: Foul Ball, location: 2F
2-2: Strikes out looking
Batting: LHB Manuel Márquez 0-0: Ball
1-0: SINGLE (Flyball, 78M)
Batting: RHB José Luna 0-0: Ball
1-0: Fly out, F8 (Flyball, 8RM)
Batting: LHB Jorge Ortíz 0-0: Ball
1-0: Called Strike
1-1: Ball
2-1: Swinging Strike
2-2: Ball
Manuel Márquez steals 2nd base
3-2: Strikes out swinging
Top of the 2nd over - 0 runs, 1 hit, 0 errors, 1 left on base; Bethesda 0 - Atlantic City 0
BOTTOM OF THE 2ND
Atlantic City Sonics batting - Pitching for Bethesda Atoms : RHP Rikkarti Gudmundur
Batting: RHB Mike Pate 0-0: Swinging Strike
0-1: Ball
1-1: Foul Ball, location: 2F
1-2: Ball
2-2: SINGLE (Groundball, 6D)
Batting: LHB Hai-feng Tang 0-0: Ball
1-0: Called Strike
1-1: Swinging Strike
1-2: Foul Ball, location: 2F
1-2: Foul Ball, location: 2F
1-2: Foul Ball, location: 2F
1-2: Grounds into double play, 5-4-3 (Groundball, 56)
Batting: RHB Luke Kreijling 0-0: Called Strike
0-1: Hit by Pitch
Batting: RHB Randy Sheffield 0-0: Ball
1-0: SINGLE (Flyball, 78M)
Luke Kreijling to second
Runner from 2nd tries for 3rd, SAFE, no throw
Batting: RHB Gianpaolo Monachino 0-0: Fly out, F6 (Line Drive, 6)
Bottom of the 2nd over - 0 runs, 2 hits, 0 errors, 2 left on base; Bethesda 0 - Atlantic City 0
TOP OF THE 3RD
Bethesda Atoms batting - Pitching for Atlantic City Sonics : RHP Norberto Concepción
Batting: RHB Isuru Tanaka 0-0: Ball
1-0: Called Strike
1-1: Called Strike
1-2: Ground out 6-3 (Groundball, 6)
Batting: LHB Ignacio Martínez 0-0: Swinging Strike
0-1: Foul Ball, location: 2F
0-2: Fly out, F9 (Flyball, 89S)
Batting: LHB Thierry Honoré 0-0: Called Strike
0-1: Foul Ball, location: 2F
0-2: Foul Ball, location: 2F
0-2: Ball
1-2: Strikes out swinging
Top of the 3rd over - 0 runs, 0 hits, 0 errors, 0 left on base; Bethesda 0 - Atlantic City 0
BOTTOM OF THE 3RD
Atlantic City Sonics batting - Pitching for Bethesda Atoms : RHP Rikkarti Gudmundur
Batting: LHB Donovan Inman 0-0: SINGLE (Groundball, 6D)
Batting: LHB Xuan-ling Liao 0-0: Ball
1-0: Ball
2-0: Ball
3-0: Base on Balls
Donovan Inman to second
Batting: RHB Jesús Guzmán 0-0: Foul Ball, location: 2F
0-1: SINGLE (Flyball, 9LM)
Donovan Inman to third
Xuan-ling Liao to second
Batting: RHB Alejandro Sánchez 0-0: Swinging Strike
0-1: Ball
1-1: Called Strike
1-2: Strikes out looking
Batting: RHB Mike Pate 0-0: Grounds into double play, 1-2-3 (Groundball, 13S)
Bottom of the 3rd over - 0 runs, 2 hits, 0 errors, 2 left on base; Bethesda 0 - Atlantic City 0
TOP OF THE 4TH
Bethesda Atoms batting - Pitching for Atlantic City Sonics : RHP Norberto Concepción
Batting: RHB José Leyva 0-0: Swinging Strike
0-1: Swinging Strike
0-2: Ground out 6-3 (Groundball, 6)
Batting: SHB Pedro Ortega 0-0: Swinging Strike
0-1: Ball
1-1: Ball
2-1: Foul Ball, location: 2F
2-2: Strikes out swinging
Batting: RHB Raúl Francisco 0-0: Foul Ball, location: 2F
0-1: Ball
1-1: Swinging Strike
1-2: Foul Ball, location: 2F
1-2: Reaches on Catchers interference
Batting: LHB Manuel Márquez 0-0: Foul Ball, location: 2F
0-1: Called Strike
0-2: Foul Ball, location: 2F
0-2: Fly out, F8 (Flyball, 8LS)
Top of the 4th over - 0 runs, 0 hits, 1 error, 1 left on base; Bethesda 0 - Atlantic City 0
BOTTOM OF THE 4TH
Atlantic City Sonics batting - Pitching for Bethesda Atoms : RHP Rikkarti Gudmundur
Batting: LHB Hai-feng Tang 0-0: Ground out 6-3 (Groundball, 6S)
Batting: RHB Luke Kreijling 0-0: Ball
1-0: Foul Ball, location: 2F
1-1: Ball
2-1: SINGLE (Flyball, 8RS)
Batting: RHB Randy Sheffield 0-0: Ball
1-0: Foul Ball, location: 2F
1-1: Ball
2-1: Grounds into double play, 6-4-3 (Groundball, 6)
Bottom of the 4th over - 0 runs, 1 hit, 0 errors, 0 left on base; Bethesda 0 - Atlantic City 0
TOP OF THE 5TH
Bethesda Atoms batting - Pitching for Atlantic City Sonics : RHP Norberto Concepción
Batting: RHB José Luna 0-0: Fly out, F7 (Flyball, 7S)
Batting: LHB Jorge Ortíz 0-0: Ball
1-0: Ball
2-0: Ball
3-0: Called Strike
3-1: Swinging Strike
3-2: Ground out 6-3 (Groundball, 56D)
Batting: RHB Isuru Tanaka 0-0: Called Strike
0-1: Called Strike
0-2: Foul Ball, location: 2F
0-2: Strikes out swinging
Top of the 5th over - 0 runs, 0 hits, 0 errors, 0 left on base; Bethesda 0 - Atlantic City 0
BOTTOM OF THE 5TH
Atlantic City Sonics batting - Pitching for Bethesda Atoms : RHP Rikkarti Gudmundur
Batting: RHB Gianpaolo Monachino 0-0: Called Strike
0-1: Ball
1-1: Ball
2-1: Swinging Strike
2-2: Fly out, F3 (Line Drive, 34)
Batting: LHB Donovan Inman 0-0: Ball
1-0: Ball
2-0: Ball
3-0: Base on Balls
Batting: LHB Xuan-ling Liao 0-0: Ball
1-0: Ball
2-0: Ball
3-0: Called Strike
3-1: Base on Balls
Donovan Inman to second
Batting: RHB Jesús Guzmán 0-0: Called Strike
Donovan Inman steals 3rd base
0-1: Ball
1-1: 3-RUN HOME RUN (Flyball, 7D), Distance : 391 ft
Batting: RHB Alejandro Sánchez 0-0: Ball
1-0: Fly out, F6 (Popup, 6M)
Batting: RHB Mike Pate 0-0: Called Strike
0-1: Swinging Strike
0-2: Fly out, F9 (Flyball, 9S)
Bottom of the 5th over - 3 runs, 1 hit, 0 errors, 0 left on base; Bethesda 0 - Atlantic City 3
TOP OF THE 6TH
Bethesda Atoms batting - Pitching for Atlantic City Sonics : RHP Norberto Concepción
Batting: LHB Ignacio Martínez 0-0: Called Strike
0-1: Ball
1-1: Foul Ball, location: 2F
1-2: Ground out 4-3 (Groundball, 4)
Batting: LHB Thierry Honoré 0-0: Called Strike
0-1: Ball
1-1: SINGLE (Line Drive, 7S)
Batting: RHB José Leyva 0-0: Ball
1-0: Called Strike
1-1: SINGLE (Groundball, 4MD)
Thierry Honoré to second
Batting: SHB Pedro Ortega 0-0: Ball
1-0: Foul Ball, location: 2F
1-1: Called Strike
1-2: Ball
2-2: Ball
3-2: Ground out 4-3 (Groundball, 34D)
Thierry Honoré to third
José Leyva to second
Batting: RHB Raúl Francisco 0-0: Called Strike
0-1: Foul Ball, location: 2F
0-2: Ball
1-2: Foul Ball, location: 2F
1-2: Ground out 5-3 (Groundball, 5)
Top of the 6th over - 0 runs, 2 hits, 0 errors, 2 left on base; Bethesda 0 - Atlantic City 3
BOTTOM OF THE 6TH
Atlantic City Sonics batting - Pitching for Bethesda Atoms : RHP Rikkarti Gudmundur
Batting: LHB Hai-feng Tang 0-0: Fly out, F8 (Flyball, 78XD)
Batting: RHB Luke Kreijling 0-0: Ball
1-0: Ball
2-0: Foul Ball, location: 2F
2-1: Ball
3-1: Fly out, F9 (Flyball, 9S)
Batting: RHB Randy Sheffield 0-0: Ball
1-0: Ground out 2-3 (Groundball, 15S)
Bottom of the 6th over - 0 runs, 0 hits, 0 errors, 0 left on base; Bethesda 0 - Atlantic City 3
TOP OF THE 7TH
Bethesda Atoms batting - Pitching for Atlantic City Sonics : RHP Norberto Concepción
Batting: LHB Manuel Márquez 0-0: Ball
1-0: Swinging Strike
1-1: Ball
2-1: Ball
3-1: Swinging Strike
3-2: Base on Balls
Pitching: RHP Alfredo Muńóz
Batting: RHB José Luna 0-0: Ball
1-0: Sac Bunt - play at first, batter OUT! 5-3
Manuel Márquez to second
Batting: LHB Jorge Ortíz 0-0: Ball
1-0: Foul Ball, location: 2F
1-1: Swinging Strike
1-2: Hit by Pitch
Batting: RHB Isuru Tanaka 0-0: Ball
1-0: Ball
2-0: Called Strike
2-1: Called Strike
2-2: DOUBLE (Line Drive, 8LXD)
Manuel Márquez scores
Jorge Ortíz to third
Runner from 3rd tries for Home, SAFE, no throw
Batting: LHB Ignacio Martínez 0-0: Ball
1-0: Ball
Isuru Tanaka steals 3rd base
2-0: Ball
3-0: Called Strike
3-1: Base on Balls
Batting: LHB Thierry Honoré 0-0: Called Strike
0-1: Ball
1-1: Foul Ball, location: 2F
1-2: Fly out, F4 (Line Drive, 4)
Batting: RHB José Leyva 0-0: Ball
1-0: Ball
2-0: SINGLE (Groundball, 56D)
Isuru Tanaka scores
Ignacio Martínez to second
Pinch Hitting: SHB Paul Wite 0-0: Ball
1-0: Ball
2-0: Called Strike
2-1: Foul Ball, location: 2F
2-2: SINGLE (Groundball, 4MD)
Ignacio Martínez to third
José Leyva to second
Runner from 3rd tries for Home, SAFE, no throw
Pitching: RHP Pedro Reynoso
Batting: RHB Raúl Francisco 0-0: Ball
1-0: Foul Ball, location: 2F
1-1: Called Strike
1-2: Ball
2-2: Foul Ball, location: 2F
2-2: Ground out 5-3 (Groundball, 56)
Top of the 7th over - 4 runs, 3 hits, 0 errors, 2 left on base; Bethesda 4 - Atlantic City 3
BOTTOM OF THE 7TH
Atlantic City Sonics batting - Pitching for Bethesda Atoms : RHP Rikkarti Gudmundur
Now at 3B: Paul Wite
Batting: RHB Gianpaolo Monachino 0-0: Swinging Strike
0-1: Foul Ball, location: 2F
0-2: Strikes out swinging
Batting: LHB Donovan Inman 0-0: Swinging Strike
0-1: Swinging Strike
0-2: Ball
1-2: Strikes out looking
Batting: LHB Xuan-ling Liao 0-0: Ball
1-0: Fly out, F8 (Flyball, 8RD)
Bottom of the 7th over - 0 runs, 0 hits, 0 errors, 0 left on base; Bethesda 4 - Atlantic City 3
TOP OF THE 8TH
Bethesda Atoms batting - Pitching for Atlantic City Sonics : RHP Pedro Reynoso
Batting: LHB Manuel Márquez 0-0: Foul Ball, location: 2F
0-1: Swinging Strike
0-2: Strikes out looking
Batting: RHB José Luna 0-0: Ball
1-0: Foul Ball, location: 2F
1-1: Ball
2-1: Foul Ball, location: 2F
2-2: Ball
3-2: Base on Balls
Batting: LHB Jorge Ortíz 0-0: Swinging Strike
0-1: Ball
1-1: Foul Ball, location: 2F
1-2: Ball
2-2: Strikes out swinging
Batting: RHB Isuru Tanaka 0-0: Called Strike
José Luna steals 2nd base
0-1: Ball
1-1: Ball
2-1: Ball
3-1: Foul Ball, location: 2F
3-2: Foul Ball, location: 2F
3-2: Ground out 5-3 (Groundball, 5)
Top of the 8th over - 0 runs, 0 hits, 0 errors, 1 left on base; Bethesda 4 - Atlantic City 3
BOTTOM OF THE 8TH
Atlantic City Sonics batting - Pitching for Bethesda Atoms : RHP Rikkarti Gudmundur
Batting: RHB Jesús Guzmán 0-0: Swinging Strike
0-1: Ball
1-1: Foul Ball, location: 2F
1-2: Strikes out looking
Batting: RHB Alejandro Sánchez 0-0: Called Strike
0-1: Ball
1-1: SINGLE (Flyball, 9S)
Batting: RHB Mike Pate 0-0: SINGLE (Flyball, 8RS)
Alejandro Sánchez to second
Runner from 2nd tries for 3rd, SAFE, throw made to third
Batting: LHB Hai-feng Tang 0-0: Ball
1-0: Foul Ball, location: 2F
1-1: Ball
2-1: Ball
3-1: Foul Ball, location: 2F
3-2: Base on Balls
Mike Pate to second
Batting: RHB Luke Kreijling 0-0: Called Strike
0-1: Ball
1-1: Called Strike
1-2: Fly out, F9 (Flyball, 89S)
Runner from 3rd tags up, SCORES, no throw
Pitching: RHP Alonso Ruíz
Batting: RHB Randy Sheffield 0-0: Called Strike
0-1: Swinging Strike
0-2: Fielders Choice at 2nd, 6-4 (Groundball, 6)
Bottom of the 8th over - 1 run, 2 hits, 0 errors, 2 left on base; Bethesda 4 - Atlantic City 4
TOP OF THE 9TH
Bethesda Atoms batting - Pitching for Atlantic City Sonics : RHP Pedro Reynoso
Pitching: LHP Todd Howell
Batting: LHB Ignacio Martínez 0-0: Called Strike
0-1: Ball
1-1: Swinging Strike
1-2: Strikes out swinging
Batting: LHB Thierry Honoré 0-0: Called Strike
0-1: Ball
1-1: Swinging Strike
1-2: Foul Ball, location: 2F
1-2: Foul Ball, location: 2F
1-2: Strikes out swinging, 2-3 out at first.
Batting: RHB José Leyva 0-0: Fly out, F7 (Flyball, 78S)
Top of the 9th over - 0 runs, 0 hits, 0 errors, 0 left on base; Bethesda 4 - Atlantic City 4
BOTTOM OF THE 9TH
Atlantic City Sonics batting - Pitching for Bethesda Atoms : RHP Alonso Ruíz
Batting: RHB Gianpaolo Monachino 0-0: Ground out 1-3 (Groundball, P)
Batting: LHB Donovan Inman 0-0: Foul Ball, location: 2F
0-1: Called Strike
0-2: SINGLE (Groundball, 13) (infield hit)
Batting: LHB Xuan-ling Liao 0-0: Called Strike
0-1: Ball
1-1: Foul Ball, location: 2F
1-2: Strikes out swinging
Donovan Inman steals 2nd base
Batter strikes out.
Batting: RHB Jesús Guzmán 0-0: Foul Ball, location: 2F
0-1: Foul Ball, location: 2F
0-2: Ball
1-2: Ball
2-2: Ball
3-2: Fly out, F9 (Flyball, 89D)
Bottom of the 9th over - 0 runs, 1 hit, 0 errors, 1 left on base; Bethesda 4 - Atlantic City 4
TOP OF THE 10TH
Bethesda Atoms batting - Pitching for Atlantic City Sonics : LHP Todd Howell
Batting: SHB Paul Wite 0-0: Ball
1-0: Foul Ball, location: 2F
1-1: Ball
2-1: Foul Ball, location: 2F
2-2: Ball
3-2: SINGLE (Groundball, 4M) (infield hit)
Batting: RHB Raúl Francisco 0-0: Ball
1-0: Ball
2-0: Called Strike
2-1: Fly out, F7 (Flyball, 78D)
Runner from 1st tags up, SAFE at 2nd
Pinch Hitting: RHB Chase Mooney 0-0: Intentional Walk
Batting: RHB José Luna 0-0: Ground out U3 (Groundball, 3)
Paul Wite to third
Chase Mooney to second
Batting: LHB Jorge Ortíz 0-0: Ball
1-0: Swinging Strike
1-1: Foul Ball, location: 2F
1-2: Ball
2-2: Foul Ball, location: 2F
2-2: Foul Ball, location: 2F
2-2: Ball
3-2: Foul Ball, location: 2F
3-2: Foul Ball, location: 2F
3-2: Strikes out looking
Top of the 10th over - 0 runs, 1 hit, 0 errors, 2 left on base; Bethesda 4 - Atlantic City 4
BOTTOM OF THE 10TH
Atlantic City Sonics batting - Pitching for Bethesda Atoms : RHP Alonso Ruíz
Pitching: LHP Hakan Yilmanz
Now at 3B: Chase Mooney
Batting: RHB Alejandro Sánchez 0-0: Ball
1-0: Ball
2-0: Ball
3-0: Base on Balls
Batting: RHB Mike Pate 0-0: Ball
1-0: Ball
2-0: Called Strike
2-1: Swinging Strike
2-2: Ball
3-2: Foul Ball, location: 2F
3-2: Grounds into double play, 5-4-3 (Groundball, 56)
Pinch Hitting: RHB Eddie McDoom 0-0: Foul Ball, location: 2F
0-1: Ball
1-1: Ball
2-1: Ball
3-1: Fly out, F9 (Flyball, 9S)
Bottom of the 10th over - 0 runs, 0 hits, 0 errors, 0 left on base; Bethesda 4 - Atlantic City 4
TOP OF THE 11TH
Bethesda Atoms batting - Pitching for Atlantic City Sonics : LHP Todd Howell
Pitching: LHP Doppo Omikado
Now at SS: Miguel Canales
Batting: RHB Isuru Tanaka 0-0: Ball
1-0: Foul Ball, location: 2F
1-1: Called Strike
1-2: SINGLE (Line Drive, 6MD)
Batting: LHB Ignacio Martínez 0-0: Ball
1-0: Ball
2-0: Ball
3-0: Called Strike
3-1: SINGLE (Groundball, 34D)
Isuru Tanaka to second
Runner from 2nd tries for 3rd, SAFE, no throw
Batting: LHB Thierry Honoré 0-0: Foul Ball, location: 2F
0-1: Ball
1-1: Called Strike
1-2: Strikes out swinging
Batting: RHB José Leyva 0-0: Ball
1-0: SINGLE (Groundball, 56)
Isuru Tanaka scores
Ignacio Martínez to second
Batting: SHB Paul Wite 0-0: Called Strike
0-1: Ball
1-1: Called Strike
1-2: Ball
2-2: Strikes out swinging
Batting: RHB Raúl Francisco 0-0: Called Strike
0-1: Ball
1-1: Ball
2-1: Swinging Strike
2-2: Ball
3-2: Strikes out swinging
Top of the 11th over - 1 run, 3 hits, 0 errors, 2 left on base; Bethesda 5 - Atlantic City 4
BOTTOM OF THE 11TH
Atlantic City Sonics batting - Pitching for Bethesda Atoms : LHP Hakan Yilmanz
Batting: RHB Luke Kreijling 0-0: Ball
1-0: Ball
2-0: Called Strike
2-1: Swinging Strike
2-2: Strikes out swinging
Batting: RHB Randy Sheffield 0-0: Called Strike
0-1: Ball
1-1: Ground out 4-3 (Groundball, 4)
Batting: RHB Gianpaolo Monachino 0-0: Ball
1-0: Ball
2-0: Ball
3-0: Called Strike
3-1: Base on Balls
Pinch Hitting: RHB Augusto Escobar 0-0: Called Strike
0-1: Ground out 5-3 (Groundball, 5S)
Bottom of the 11th over - 0 runs, 0 hits, 0 errors, 1 left on base; Bethesda 5 - Atlantic City 4
Wednesday, September 19th, 2018 - OOTP Baseball 18.8 Build 76